 Dungeon Crawl Stone Soup version 0.29.1-12-g30fa7ad0bf (webtiles) character file.

Game seed: 1470707305880826757

76 fleeber the Digger (level 4, -3/24 HPs)
             Began as a Gargoyle Earth Elementalist on Dec 19, 2022.
             Killed from afar by a white imp (7 damage)
             ... with a puff of frost
             ... summoned by Natasha
             ... on level 3 of the Dungeon.
             The game lasted 00:07:08 (2805 turns).

fleeber the Digger (Gargoyle Earth Elementalist)    Turns: 2805, Time: 00:07:09

Health: -3/24      AC:  6    Str: 12    XL:     4   Next: 32%
Magic:  6/7        EV: 11    Int: 17    God:
Gold:   185        SH:  0    Dex: 10    Spells: 7/8 levels left

rFire   . . .      SeeInvis .   m - +0 mace
rCold   . . .      Faith    .   (no shield)
rNeg    + . .      Spirit   .   a - +1 robe
rPois   ∞          Reflect  .   (no helmet)
rElec   +          Harm     .   (no cloak)
rCorr   .          Rampage  .   (no gloves)
Will    .....                   (no boots)
Stlth   ++........              (no amulet)
HPRegen 0.08/turn               (no ring)
MPRegen 0.10/turn               (no ring)

@: flying
A: sickness immunity, AC +3, negative energy resistance 1, electricity
resistance, torment resistance 1, petrification resistance
a: no special abilities


You were on level 3 of the Dungeon.
You visited 1 branch of the dungeon, and saw 3 of its levels.

You collected 185 gold pieces.

Inventory:

Hand Weapons
 m - a +0 mace (weapon)
Armour
 a - a +1 robe (worn)
Jewellery
 n - a ring of protection from fire
Wands
 k - a wand of quicksilver (14)
Scrolls
 f - 2 scrolls of poison
 g - 2 scrolls of magic mapping
 h - 4 scrolls of immolation
Potions
 b - a potion of magic
 c - a potion of mutation


   Skills:
 - Level 1.5 Dodging
 - Level 2.1 Stealth
 + Level 2.6 Spellcasting
 + Level 1.8 Conjurations
 + Level 1.7 Transmutations
 + Level 4.3 Earth Magic


You had 7 spell levels left.
You knew the following spells:

 Your Spells              Type           Power      Damage    Failure   Level
a - Sandblast             Erth           34%        2d9       3%          1

Your spell library contained the following spells:

 Spells                   Type           Power      Damage    Failure   Level
 Passwall                 Tmut/Erth      10%        N/A       8%          2
 Stone Arrow              Conj/Erth      24%        3d8       16%         3
 Petrify                  Tmut/Erth      12%        N/A       45%         4


Dungeon Overview and Level Annotations

Branches:
Dungeon (3/15)

Altars:
Ashenzari

Annotations:
D:3 Natasha


Innate Abilities, Weirdness & Mutations

You are immune to sickness and miasma.
Your stone body is resilient. (AC +3)
You are immune to poison.
You resist negative energy. (rN+)
You are resistant to electric shocks. (rElec)
You are resistant to unholy torment.
You are immune to petrification.


Message History

Aiming: Sandblast (safe; 3% risk of failure)
Press: ? - help, Shift-Dir - straight line, f/p - Natasha
Aim: Natasha (moderately wounded, 77% to hit)
The blast of sand hits Natasha!
Natasha is severely wounded.
Natasha stares at you and mumbles some strange words.
The magic dart hits you.
* * * LOW HITPOINT WARNING * * *
Aiming: Sandblast (safe; 3% risk of failure)
Press: ? - help, Shift-Dir - straight line, f/p - Natasha
Aim: Natasha (severely wounded, 77% to hit)
The blast of sand hits Natasha but does no damage.
Natasha is severely wounded.
The hound bites you.
* * * LOW HITPOINT WARNING * * *
Natasha barely misses you. The hound bites you but does no damage.
Okay, then.
Okay, then.
You feel better.
Natasha mumbles some strange words.
The hound bites you but does no damage.
As you read the scroll labelled CIPAEM GOCK, it crumbles to dust.
It is a scroll of enchant armour.
Your +0 robe glows green for a moment.
The hound bites you but does no damage. Natasha casts a spell at you.
The magic dart hits you!
* * * LOW HITPOINT WARNING * * *
The hound closely misses you.
As you read the scroll labelled ATWEERAUDGH, it crumbles to dust.
You assume a fearsome visage.
Natasha looks frightened!
The shadow imp looks frightened!
The hound looks frightened!
It was a scroll of fear.
Natasha casts a spell.
Blink to where?
Press: ? - help, Dir - move target, p - Natasha
As you read the scroll labelled FIEN CEASCHOA, it crumbles to dust.
It was a scroll of blinking.
The white imp gestures at you. The puff of frost hits you!
You die...

###.##...........#### #.########
##h5.##..............# #.........
.#..5##...5.......##.###.########
~#.h.##...........##...#.#
.#...##...........####.#.#
♣#...##...........# #.#.#
♣#...##...........# #.#.###
§#...##.#........## #.....#
♣#...##.#.######@# ###.#.#
♣#..###...# #.# ##.#.# ♣#..#
##### #.# #..#.#
.###############.### #..#.#
♣#.........#.......# #..#.#
♣#########.#.......####..#.#
♣##### #.........##....#.# ~#...#
##.#...........###.# ♣#...#
#.#######...##.# #.#


You could see a white imp (summoned).

Vanquished Creatures
  An adder (D:3)
  A dart slug (D:3)
  An orc (D:3)
  11 endoplasms
  7 hobgoblins
  7 jackals
  3 quokkas
  3 ball pythons
  6 bats
  4 frilled lizards (D:1)
  3 goblins
  4 kobolds
  2 rats (D:1)
53 creatures vanquished.

Notes
Turn   | Place    | Note
-------+----------+-------------------------------------------
     0 | D:1      | fleeber the Gargoyle Earth Elementalist began the quest for
                  | the Orb.
     0 | D:1      | Reached XP level 1. HP: 10/10 MP: 3/3
    81 | D:1      | Reached skill level 1 in Transmutations
    85 | D:1      | Reached XP level 2. HP: 15/15 MP: 1/5
   362 | D:1      | Reached skill level 1 in Conjurations
   466 | D:1      | Found a faded altar of an unknown god.
   749 | D:1      | Reached skill level 4 in Earth Magic
   876 | D:2      | Reached XP level 3. HP: 19/19 MP: 4/6
  2058 | D:3      | Noticed Natasha
  2115 | D:3      | Found a broken altar of Ashenzari.
  2119 | D:3      | Saw a vision of the Swamp and the Snake Pit.
  2119 | D:3      | Noticed a black mamba
  2119 | D:3      | Noticed a mana viper
  2119 | D:3      | Noticed a goliath frog
  2119 | D:3      | Noticed a naga sharpshooter
  2119 | D:3      | Noticed a black mamba
  2119 | D:3      | Noticed a five-headed hydra
  2119 | D:3      | Noticed a naga
  2119 | D:3      | Noticed a will-o-the-wisp
  2120 | D:3      | Noticed a bloated husk
  2122 | D:3      | Noticed a naga warrior
  2249 | D:3      | Reached XP level 4. HP: 24/24 MP: 5/7
  2805 | D:3      | Killed from afar by a white imp

Illustrated notes

Levels and vault maps discovered:
D:1:      nicolae_arrival_washed_ashore, layout_basic,
          nicolae_ecumenical_lake_church
D:2:      layout_loops_ring, guppyfry_early_lair_pool
D:3:      layout_basic, grunt_ashenzari_visionary
          [grunt_ashenzari_visionary_swamp, grunt_ashenzari_visionary_snake],
          uniq_natasha

Skill      XL: |  1  2 |
---------------+-------+-----
Transmutations | 1 |  1.7
Conjurations   | 1 |  1.8
Earth Magic    | 4 |  4.3
Dodging        | |  1.5
Stealth        | |  2.1
Spellcasting   | |  2.6

Action                   |  1- 3 |  4- 6 || total
-------------------------+-------+-------++-------
 Cast: Sandblast         |    65 |    15 ||    80
  Use: Scroll            |     5 |     3 ||     8
       Potion            |       |     2 ||     2
Armor: Robe              |    14 |     4 ||    18
Dodge: Dodged            |    30 |     3 ||    33
